 Dungeon Crawl Stone Soup version 0.28-a0-577-gb193047a1f (webtiles) character file.

Game seed: 14993022901865277110

497 vhaine the Poker (level 6, -1/44 HPs)
             Began as a Demonspawn Gladiator on Oct 1, 2021.
             Slain by an orc priest (4 damage)
             ... on level 7 of the Dungeon on Oct 2, 2021.
             The game lasted 00:22:38 (4839 turns).

vhaine the Poker (Demonspawn Gladiator)             Turns: 4839, Time: 00:22:38

Health: -1/44      AC:  3    Str: 15    XL:     6   Next: 93%
Magic:  6/6        EV: 12    Int: 10    God:
Gold:   114        SH:  0    Dex: 15    Spells: 5/5 levels left

rFire   . . .      SeeInvis .   a - +0 trident
rCold   . . .      Faith    .   (no shield)
rNeg    . . .      Spirit   .   b - +0 leather armour
rPois   .          Reflect  .   (helmet restricted)
rElec   .          Harm     .   (no cloak)
rCorr   .          Rampage  .   (no gloves)
Will    .....                   (no boots)
Stlth   +.........              (no amulet)
HPRegen 0.14/turn               (no ring)
MPRegen 0.10/turn               (no ring)

@: on berserk cooldown, slowed, very slow
A: antennae 1, demonic guardian 1, sturdy frame 1
a: no special abilities


You were on level 7 of the Dungeon.
You visited 1 branch of the dungeon, and saw 6 of its levels.

You collected 114 gold pieces.

Inventory:

Hand Weapons
 a - a +0 trident (weapon)
 n - a +0 hand crossbow
Missiles
 m - 6 boomerangs (quivered)
Armour
 b - a +0 leather armour (worn)
 c - a +0 helmet
 p - a +0 scale mail
Jewellery
 h - an amulet of the acrobat
Scrolls
 e - a scroll of immolation
 j - a scroll of identify


   Skills:
 - Level 2.0 Fighting
 + Level 7.2 Polearms
 - Level 1.7 Throwing
 - Level 2.6 Dodging


You had 5 spell levels left.
You didn't know any spells.
Your spell library contained the following spells:

 Spells                   Type           Power      Damage    Failure   Level
 Summon Small Mammal      Summ           0%         N/A       36%         1
 Ensorcelled Hibernation  Hex/Ice        0%         N/A       52%         2
 Spider Form              Tmut/Pois      0%         N/A       75%         3
 Tukima's Dance           Hex            0%         N/A       75%         3


Dungeon Overview and Level Annotations

Branches:
Dungeon (7/15)
 Temple: D:4-7

Altars:
Hepliaklqana
Qazlal

Annotations:
D:3 Sigmund


Innate Abilities, Weirdness & Mutations

You have a pair of small antennae on your head.
A weak demonic guardian rushes to your aid.
Your movements are slightly less encumbered by armour. (ER -2)


Message History

The orc is severely wounded.
The orc hits you with a +0 dagger.
* * * LOW HITPOINT WARNING * * *
You barely miss the orc.
The orc is severely wounded.
You hit the orc.
You kill the orc!
You hit the gnoll.
The gnoll is heavily wounded.
You puncture the gnoll!
You kill the gnoll!
Your magical contamination has completely faded away.
Reach: a) +0 trident
Press: ? - help, Dir - move target, f - orc
Aim: an orc, wielding a +0 flail (about 38% to evade your +0 trident)
You reach to attack!
You closely miss the orc. You barely miss the orc. You closely miss the orc.
The orc misses you.
You puncture the orc!
You kill the orc!
The orc priest barely misses you.
Reach: a) +0 trident
Press: ? - help, Dir - move target, f - orc priest
Aim: an orc priest, wielding a +0 trident and wearing a +0 ring mail (ally target, about 35% to evade your +0 trident)
You reach to attack!
You closely miss the orc priest.
You are no longer berserk.
You are exhausted.
You feel yourself slow down.
The orc priest hits you with a +0 trident.
* * * LOW HITPOINT WARNING * * *
Items here: ))) †.
You barely miss the orc priest.
The orc priest hits you but does no damage.
The orc priest hits you with a +0 trident.
* * * LOW HITPOINT WARNING * * *
You closely miss the orc priest.
The orc priest hits you but does no damage.
You hit the orc priest but do no damage.
The orc priest hits you with a +0 trident.
You die...

##########
#...oS.o.o
#.######## #S# #o#
#.# #########.#
#.oggog...########
#@##########.go.oo
#5# #.##### ***
#.# #.#####
**,***#.# *****
#g..... *,,,,,..#
*,..####....oo
**,,,.###
*,#.......####
***#.***
*,..####..#
*,.,,,* **,**
#..#** *.#,*,* *,*
#.o.,*


You could see a gnoll shaman, an orc priest (ally target), 2 gnolls, an orc and
a friendly shadow imp (summoned).

Vanquished Creatures
  2 water moccasins (D:7)
  Blork the orc (D:6)
  Ijyb (D:3)
  6 gnolls
  3 adders (D:2)
  A white imp (D:7)
  2 worms (D:3)
  2 dart slugs
  13 orcs
  9 ball pythons
  8 bats
  4 endoplasms
  3 giant cockroaches
  7 goblins
  6 hobgoblins
  7 jackals
  2 quokkas (D:2)
  A frilled lizard (D:2)
  9 kobolds
  7 rats
94 creatures vanquished.

Vanquished Creatures (others)
  A fungus (D:2)
  3 plants (D:2)
4 creatures vanquished.

Grand Total: 98 creatures vanquished

Notes
Turn   | Place    | Note
-------+----------+-------------------------------------------
     0 | D:1      | vhaine the Demonspawn Gladiator began the quest for the
                  | Orb.
     0 | D:1      | Reached XP level 1. HP: 16/16 MP: 1/1
    49 | D:1      | Reached skill level 3 in Polearms
   147 | D:1      | Gained mutation: Your movements are slightly less
                  | encumbered by armour. (ER -2) [demonic ancestry]
   147 | D:1      | Reached XP level 2. HP: 22/22 MP: 2/2
   405 | D:1      | Reached XP level 3. HP: 27/27 MP: 3/3
   591 | D:1      | Reached skill level 4 in Polearms
  1141 | D:2      | Reached XP level 4. HP: 9/33 MP: 4/4
  2086 | D:2      | Reached skill level 5 in Polearms
  2427 | D:2      | Gained mutation: You have a pair of small antennae on your
                  | head. [demonic ancestry]
  2427 | D:2      | Reached XP level 5. HP: 38/38 MP: 5/5
  2442 | D:2      | Found a faded altar of an unknown god.
  2449 | D:2      | Got Plato's Disquisition on the Escort
  2771 | D:3      | Noticed Ijyb
  3128 | D:3      | Killed Ijyb
  3475 | D:3      | Noticed Sigmund
  3496 | D:3      | Found a stormy altar of Qazlal.
  3498 | D:3      | Found a hazy altar of Hepliaklqana.
  4197 | D:4      | You fall into a shaft and drop 3 floors!
  4197 | D:7      | Noticed a phantom
  4221 | D:6      | Noticed an ice beast
  4221 | D:6      | Noticed a water moccasin
  4221 | D:6      | Noticed a water moccasin
  4221 | D:6      | Noticed Blork the orc
  4722 | D:6      | Killed Blork the orc
  4723 | D:6      | Reached skill level 6 in Polearms
  4723 | D:6      | Gained mutation: A weak demonic guardian rushes to your
                  | aid. [demonic ancestry]
  4723 | D:6      | Reached XP level 6. HP: 20/44 MP: 6/6
  4737 | D:7      | Noticed a water moccasin
  4761 | D:7      | Killed a water moccasin
  4823 | D:7      | Killed a water moccasin
  4824 | D:7      | Reached skill level 7 in Polearms
  4839 | D:7      | Slain by an orc priest

Illustrated notes

Levels and vault maps discovered:
D:1:      mainiacjoe_arrival_reflecting_pool, layout_loops_ring
D:2:      layout_basic, shapermc_ecumenical_altar_rom_forum
D:3:      layout_rooms, minitemple, uniq_sigmund, uniq_ijyb
D:4:      layout_rooms, led_sif_pool, kennysheep_generic_room_14
D:6:      layout_cave_pools, tso_altar, kennysheep_mini,
          minmay_temple_entry_statues_pillars, ebering_ghost_sewer_d,
          st_stairs_4, uniq_eustachio, uniq_prince_ribbit1, uniq_blork_the_orc,
          uniq_pikel
D:7:      layout_loops_ring, serial_bayou_pond_e

Skill      XL: |  1  2  3  4  5  6 |
---------------+-------------------+-----
Polearms       | 3 4 5 6 7 |  7.2
Fighting       | |  2.0
Throwing       | |  1.7
Dodging        | |  2.6

Action                   |  1- 3 |  4- 6 || total
-------------------------+-------+-------++-------
Melee: Trident           |   103 |   274 ||   377
Throw: Throwing net      |     2 |     3 ||     5
Evoke: Wand              |       |     3 ||     3
  Use: Potion            |       |     8 ||     8
       Scroll            |       |     4 ||     4
 Stab: Sleeping          |     3 |     3 ||     6
       Held in net/web   |     1 |     4 ||     5
       Invisible         |       |     5 ||     5
       Distracted        |       |     1 ||     1
Armor: Leather armour    |    22 |    63 ||    85
Dodge: Dodged            |    43 |   178 ||   221

Table legend: (Time is in decaauts)
 A = Elapsed time spent in this place.
 B = Non-inter-level travel time spent in this place.
 C = Inter-level travel time spent in this place.
 D = Time resting spent in this place.
 E = Time spent auto-exploring this place.
 F = Levels seen in this place.
 G = Mean time per level.
                   A        B        C        D        E       F      G
               +--------+--------+--------+--------+--------+-----+--------+
         Total |   4822 |   4733 |     89 |   1552 |   2136 |   6 |  803.7 |
       Dungeon |   4822 |   4733 |     89 |   1552 |   2136 |   6 |  803.7 |
               +--------+--------+--------+--------+--------+-----+--------+

Top non-repeatable levels by time:
     D:2: 1397 daAuts
     D:1: 1383 daAuts
     D:3: 1309 daAuts
     D:7: 441 daAuts
     D:6: 161 daAuts
     D:4: 129 daAuts
